[Event "Donostia Chess Festival Group B"]
[Site "San Sebastian/Spain"]
[Date "2011.12.31"]
[Round "3"]
[White "Mullon, Jean-Baptiste"]
[Black "Strikovic, Aleksa"]
[Result "0-1"]
[ECO "C34"]
[WhiteElo "2398"]
[BlackElo "2564"]
[Annotator "Robot 9"]
[PlyCount "42"]
[EventDate "2011.??.??"]
[TimeControl "7200+30"]

1. e4 d6 2. Nc3 e5 3. f4 Nf6 4. Nf3 exf4 5. d4 Be7 6. Bxf4 O-O 7. Bd3 Kh8 8.
O-O Bg4 9. h3 Bh5 10. Ne2 c5 11. c3 cxd4 12. cxd4 Nc6 13. Be3 Bg6 14. Nc3 d5
15. e5 Ne4 16. Qc2 Nb4 17. Qb3 Nxd3 18. Nxd5 Ng5 19. Rad1 Nxf3+ 20. gxf3 Bh4
21. f4 Bf5 0-1

[Event "Donostia Chess Festival Group B"]
[Site "San Sebastian/Spain"]
[Date "2011.12.31"]
[Round "3"]
[White "Stefanova, Antoaneta"]
[Black "Jerez Perez, Alfonso"]
[Result "1/2-1/2"]
[ECO "D02"]
[WhiteElo "2531"]
[BlackElo "2400"]
[Annotator "Robot 9"]
[PlyCount "63"]
[EventDate "2011.??.??"]
[TimeControl "7200+30"]

1. d4 Nf6 2. Nf3 g6 3. Nbd2 d5 4. e3 Bg7 5. b4 O-O 6. Be2 Bf5 7. O-O Nbd7 8. c4
c6 9. a4 Ne4 10. Bb2 Nxd2 11. Nxd2 e5 12. cxd5 cxd5 13. dxe5 Nxe5 14. Qb3 Be6
15. Bd4 Nc6 16. Bxg7 Kxg7 17. b5 Ne5 18. Nf3 Qf6 19. Nxe5 Qxe5 20. Rfd1 Rac8
21. Rd4 Rc5 22. Rad1 Rfc8 23. h4 Rc2 24. Bf3 R8c3 25. Qb4 Rc4 26. Qb1 Qf6 27.
Qa1 b6 28. a5 Rxd4 29. Rxd4 Rc4 30. axb6 axb6 31. Be2 Rxd4 32. Qxd4 1/2-1/2

[Event "Donostia Chess Festival Group B"]
[Site "San Sebastian/Spain"]
[Date "2011.12.31"]
[Round "3"]
[White "Bauer, Christian"]
[Black "Aabling-Thomsen, Jakob"]
[Result "1-0"]
[ECO "B06"]
[WhiteElo "2641"]
[BlackElo "2324"]
[Annotator "Robot 9"]
[PlyCount "37"]
[EventDate "2011.??.??"]
[TimeControl "7200+30"]

1. e4 g6 2. d4 Bg7 3. Nc3 d6 4. Be3 a6 5. Qd2 b5 6. Bd3 Nd7 7. a4 b4 8. Nce2 a5
9. Nf3 Ngf6 10. Ng3 h5 11. e5 Ng4 12. e6 Nf8 13. exf7+ Kxf7 14. Bg5 Bf6 15. h3
Ne6 16. hxg4 hxg4 17. Rxh8 Qxh8 18. Bxf6 Qxf6 19. Ne4 1-0

[Event "Donostia Chess Festival Group B"]
[Site "San Sebastian/Spain"]
[Date "2011.12.31"]
[Round "3"]
[White "Aabling-Thomsen, Jakob"]
[Black "Bauer, Christian"]
[Result "1/2-1/2"]
[ECO "B01"]
[WhiteElo "2324"]
[BlackElo "2641"]
[Annotator "Robot 9"]
[PlyCount "48"]
[EventDate "2011.??.??"]
[TimeControl "7200+30"]

1. e4 d5 2. exd5 Qxd5 3. Nc3 Qa5 4. d4 Nf6 5. Bc4 Bg4 6. Nf3 Nc6 7. Bb5 Nd5 8.
O-O Nxc3 9. Bxc6+ bxc6 10. bxc3 Qxc3 11. Be3 e6 12. h3 Bh5 13. g4 Bg6 14. Ne5
Bd6 15. Qf3 Bxe5 16. dxe5 h5 17. Rad1 hxg4 18. hxg4 O-O 19. Qg3 Rad8 20. Qh4
Rd5 21. Qe7 Qxe5 22. Rxd5 cxd5 23. Bc5 Ra8 24. f3 Qg3+ 1/2-1/2

[Event "Donostia Chess Festival Group B"]
[Site "San Sebastian/Spain"]
[Date "2011.12.31"]
[Round "3"]
[White "Kunin, Vitaly"]
[Black "Sanz Alonso, Francisco J"]
[Result "1-0"]
[ECO "A59"]
[WhiteElo "2559"]
[BlackElo "2386"]
[Annotator "Robot 9"]
[PlyCount "55"]
[EventDate "2011.??.??"]
[TimeControl "7200+30"]

1. d4 Nf6 2. c4 c5 3. d5 b5 4. cxb5 a6 5. bxa6 Bxa6 6. Nc3 d6 7. Nf3 g6 8. e4
Bxf1 9. Kxf1 Bg7 10. g3 Nbd7 11. h3 O-O 12. Kg2 Ra6 13. Bf4 Qa8 14. Qd2 Rb8 15.
Rhe1 Ne8 16. e5 dxe5 17. Nxe5 Nxe5 18. Bxe5 Bxe5 19. Rxe5 e6 20. Kg1 Rd6 21.
Qe3 exd5 22. Qxc5 Re6 23. Rae1 Rxe5 24. Rxe5 Nf6 25. Qd6 d4 26. Qxd4 Rxb2 27.
Re1 Qf3 28. Nd5 1-0

[Event "Donostia Chess Festival Group B"]
[Site "San Sebastian/Spain"]
[Date "2011.12.31"]
[Round "3"]
[White "Webb, Laurence E"]
[Black "Cheparinov, Ivan"]
[Result "1/2-1/2"]
[ECO "B51"]
[WhiteElo "2283"]
[BlackElo "2650"]
[Annotator "Robot 9"]
[PlyCount "77"]
[EventDate "2011.??.??"]
[TimeControl "7200+30"]

1. e4 c5 2. Nf3 d6 3. Bb5+ Nd7 4. d4 cxd4 5. Qxd4 a6 6. Bxd7+ Bxd7 7. Nc3 Rc8
8. O-O e5 9. Qd3 h6 10. a4 Nf6 11. Be3 Qc7 12. a5 Be6 13. Nd2 Be7 14. Rfd1 O-O
15. Bb6 Qc6 16. Nf1 Nd7 17. Ne3 Nxb6 18. axb6 Qxb6 19. Ncd5 Qd8 20. Nxe7+ Qxe7
21. Qxd6 Qxd6 22. Rxd6 Rfd8 23. Rad1 Rxd6 24. Rxd6 Kf8 25. Kf1 Rc6 26. Rxc6
bxc6 27. Ke2 Ke7 28. Kd3 Kd6 29. Kc3 Kc5 30. h4 a5 31. g3 g5 32. b3 Kb5 33. Nd1
a4 34. bxa4+ Kxa4 35. Nb2+ Kb5 36. Nd3 f6 37. Nb2 Kc5 38. Nd3+ Kb5 39. Nb2
1/2-1/2

[Event "Donostia Chess Festival Group B"]
[Site "San Sebastian/Spain"]
[Date "2011.12.31"]
[Round "3"]
[White "Cheparinov, Ivan"]
[Black "Webb, Laurence E"]
[Result "1-0"]
[ECO "A56"]
[WhiteElo "2650"]
[BlackElo "2283"]
[Annotator "Robot 9"]
[PlyCount "69"]
[EventDate "2011.??.??"]
[TimeControl "7200+30"]

1. d4 Nf6 2. c4 c5 3. d5 e5 4. Nc3 d6 5. e4 Nbd7 6. Bd3 a6 7. Nf3 Be7 8. h3 h6
9. Be3 Nh7 10. Qd2 Bg5 11. Nxg5 hxg5 12. a3 b6 13. b4 f6 14. Ne2 Ndf8 15. Ng3
Ng6 16. Nf5 Nf4 17. Nxg7+ Kf7 18. Bxf4 Kxg7 19. Be3 Nf8 20. Rb1 Ng6 21. bxc5
bxc5 22. f3 Nf4 23. Bxf4 gxf4 24. Kf2 Ra7 25. Rb8 f5 26. Rhb1 fxe4 27. Bxe4 Kf6
28. R1b6 Rg8 29. Qa5 Rag7 30. Rxd6+ Qxd6 31. Rb6 Rxg2+ 32. Ke1 Qxb6 33. Qxb6+
Kg5 34. Qc7 Kh4 35. Qh7+ 1-0

[Event "Donostia Chess Festival Group B"]
[Site "San Sebastian/Spain"]
[Date "2011.12.31"]
[Round "3"]
[White "Gharamian, Tigran"]
[Black "Guijarro Galan, Jose Luis"]
[Result "1-0"]
[ECO "B42"]
[WhiteElo "2676"]
[BlackElo "2144"]
[Annotator "Robot 9"]
[PlyCount "67"]
[EventDate "2011.??.??"]
[TimeControl "7200+30"]

1. e4 c5 2. Nf3 e6 3. d4 cxd4 4. Nxd4 a6 5. Bd3 Nc6 6. Nxc6 bxc6 7. c4 Nf6 8.
O-O e5 9. Nc3 Be7 10. Qf3 d6 11. Qg3 Nh5 12. Qf3 Nf6 13. Be2 Bg4 14. Qd3 Be6
15. Qg3 Qd7 16. Rd1 c5 17. Be3 Qb7 18. b3 h5 19. f4 exf4 20. Bxf4 h4 21. Qe3
Rd8 22. h3 O-O 23. Rd2 Nh7 24. Bf3 Qc8 25. Rad1 Bf6 26. Bxd6 Bd4 27. Rxd4 cxd4
28. Rxd4 Rfe8 29. e5 Bxh3 30. gxh3 Qxh3 31. Qf4 Re6 32. Qxh4 Rg6+ 33. Kf2 Qc8
34. Nd5 1-0

[Event "Donostia Chess Festival Group B"]
[Site "San Sebastian/Spain"]
[Date "2011.12.31"]
[Round "3"]
[White "Sanz Alonso, Francisco J"]
[Black "Kunin, Vitaly"]
[Result "0-1"]
[ECO "B29"]
[WhiteElo "2386"]
[BlackElo "2559"]
[Annotator "Robot 9"]
[PlyCount "72"]
[EventDate "2011.??.??"]
[TimeControl "7200+30"]

1. e4 c5 2. Nf3 Nf6 3. e5 Nd5 4. d4 cxd4 5. Qxd4 e6 6. Bc4 Nc6 7. Qe4 d6 8.
exd6 Nf6 9. Qh4 Bxd6 10. O-O Be7 11. Re1 a6 12. Nbd2 b5 13. Bb3 Na5 14. c3 Nxb3
15. axb3 Bb7 16. Qg3 Qb6 17. Ne5 O-O 18. Ndf3 Ne4 19. Rxe4 Bxe4 20. Bh6 Bg6 21.
Nd7 Qb7 22. Nxf8 Bxf8 23. Be3 Qd5 24. Nd2 a5 25. Qf3 Qxf3 26. Nxf3 a4 27. Kf1
Be4 28. Ke2 axb3 29. Rxa8 Bxa8 30. Nd2 Bd5 31. Kd3 Bxg2 32. Nxb3 e5 33. f4 exf4
34. Bxf4 f6 35. Nd4 g5 36. Bd2 Bd6 0-1

[Event "Donostia Chess Festival Group B"]
[Site "San Sebastian/Spain"]
[Date "2011.12.31"]
[Round "3"]
[White "Strikovic, Aleksa"]
[Black "Mullon, Jean-Baptiste"]
[Result "1/2-1/2"]
[ECO "A28"]
[WhiteElo "2564"]
[BlackElo "2398"]
[Annotator "Robot 9"]
[PlyCount "88"]
[EventDate "2011.??.??"]
[TimeControl "7200+30"]

1. c4 Nf6 2. Nc3 e5 3. Nf3 Nc6 4. e3 g6 5. d4 d6 6. b4 exd4 7. exd4 Bg7 8. b5
Ne7 9. Be2 O-O 10. O-O a6 11. Bf4 axb5 12. Nxb5 Nh5 13. Be3 c6 14. Nc3 Qa5 15.
Bd2 Qa7 16. a4 Bg4 17. d5 cxd5 18. cxd5 Rac8 19. Rc1 Nf5 20. h3 Bxf3 21. Bxf3
Nf6 22. Bg4 Nxg4 23. hxg4 Nd4 24. Be3 Rc4 25. Nb5 Rxc1 26. Nxa7 Rxd1 27. Rxd1
Ne2+ 28. Kf1 Nc3 29. Rd3 Nxa4 30. Rb3 Nc3 31. Rxb7 Nxd5 32. Bd2 Be5 33. g3 Kg7
34. f4 Bc3 35. Bxc3+ Nxc3 36. g5 h6 37. gxh6+ Kxh6 38. Kf2 d5 39. g4 f6 40. Nc6
Ra8 41. Ne7 Ne4+ 42. Ke3 Nc5 43. Rb6 Ra4 44. Nxd5 Re4+ 1/2-1/2

[Event "Donostia Chess Festival Group B"]
[Site "San Sebastian/Spain"]
[Date "2011.12.31"]
[Round "3"]
[White "Jerez Perez, Alfonso"]
[Black "Stefanova, Antoaneta"]
[Result "0-1"]
[ECO "B14"]
[WhiteElo "2400"]
[BlackElo "2531"]
[Annotator "Robot 9"]
[PlyCount "90"]
[EventDate "2011.??.??"]
[TimeControl "7200+30"]

1. e4 c6 2. d4 d5 3. exd5 cxd5 4. c4 Nf6 5. Nc3 g6 6. cxd5 Nxd5 7. Qb3 Nb6 8.
d5 Bg7 9. Be3 O-O 10. Rd1 Na6 11. Be2 Qd6 12. Nf3 Bd7 13. O-O Nc5 14. Qa3 Nca4
15. Qxd6 exd6 16. Nxa4 Nxa4 17. Bd4 Rfe8 18. Bxg7 Kxg7 19. Rd2 Rac8 20. Rfd1
Rc5 21. h3 Rec8 22. Nd4 h5 23. Nb3 Rc2 24. Nd4 Rxd2 25. Rxd2 Rc1+ 26. Kh2 a6
27. Nb3 Rc7 28. Na5 Kf6 29. Nc4 Ke7 30. Ne3 Rc1 31. Bd1 Nc5 32. Bc2 Bb5 33. b3
a5 34. Rd1 Rxd1 35. Bxd1 Ne4 36. f4 Nc3 37. a4 Bd3 38. Bf3 Kd7 39. Kg3 Kc7 40.
Kh4 b5 41. axb5 Kb6 42. Nd1 Nxd1 43. Bxd1 Be4 44. Bxh5 gxh5 45. Kxh5 Bxd5 0-1

[Event "Donostia Chess Festival Group B"]
[Site "San Sebastian/Spain"]
[Date "2011.12.31"]
[Round "3"]
[White "Guijarro Galan, Jose Luis"]
[Black "Gharamian, Tigran"]
[Result "0-1"]
[ECO "B15"]
[WhiteElo "2144"]
[BlackElo "2676"]
[Annotator "Robot 9"]
[PlyCount "108"]
[EventDate "2011.??.??"]
[TimeControl "7200+30"]

1. e4 g6 2. d4 Bg7 3. Nc3 c6 4. Be3 d5 5. f3 Qb6 6. Qd2 Qxb2 7. Rb1 Qa3 8. exd5
Nf6 9. dxc6 bxc6 10. Bc4 O-O 11. Nge2 Nbd7 12. O-O Nb6 13. Bd3 Ba6 14. Rb3 Qa5
15. Nd5 Qxd2 16. Nxf6+ Bxf6 17. Bxd2 Bc4 18. Bxc4 Nxc4 19. Rd1 Rfd8 20. Bc1
Rac8 21. Rbd3 Rd5 22. Rc3 Nd6 23. Ra3 Nb5 24. Rad3 Rd7 25. Bf4 c5 26. dxc5 Rxd3
27. Rxd3 Rxc5 28. Bh6 Nd6 29. Ng3 Rxc2 30. Ne4 Be5 31. Rd2 Rc4 32. Nxd6 Bxd6
33. Be3 Ra4 34. g3 f6 35. Kf2 Kf7 36. Rb2 h5 37. f4 Ra5 38. Kf3 Ra3 39. Kf2 Ke6
40. Bc1 Ra4 41. Be3 a6 42. Kf3 Ra3 43. Kf2 Kf5 44. Rc2 Kg4 45. Bc1 Rd3 46. Kg2
h4 47. h3+ Kf5 48. g4+ Ke4 49. Rc4+ Kd5 50. Rc2 Rg3+ 51. Kh2 g5 52. Rd2+ Ke4
53. fxg5 fxg5 54. Re2+ Re3+ 0-1

[Event "Donostia Chess Festival Group B"]
[Site "San Sebastian/Spain"]
[Date "2011.12.31"]
[Round "3"]
[White "Fedorchuk, Sergey A"]
[Black "Gashimov, Sarkhan"]
[Result "1/2-1/2"]
[ECO "B01"]
[WhiteElo "2632"]
[BlackElo "2351"]
[Annotator "Robot 9"]
[PlyCount "87"]
[EventDate "2011.??.??"]
[TimeControl "7200+30"]

1. e4 d5 2. exd5 Qxd5 3. Nc3 Qa5 4. d4 Nf6 5. Nf3 c6 6. Ne5 Bf5 7. Nc4 Qc7 8.
g3 e6 9. Bg2 Be7 10. a4 O-O 11. a5 Na6 12. O-O Rad8 13. Bf4 Qc8 14. Qe2 Nb4 15.
Ne3 Bg6 16. Be5 Nd7 17. h4 h6 18. h5 Bh7 19. Bf4 Nf6 20. Rfd1 Rd7 21. Rd2 Qd8
22. Be5 c5 23. Rad1 cxd4 24. Rxd4 Rxd4 25. Rxd4 Qxa5 26. Ng4 Nxg4 27. Rxg4 f6
28. Bd6 Rf7 29. Bxe7 Rxe7 30. Rc4 Nc6 31. Bxc6 bxc6 32. Rxc6 Qa1+ 33. Kg2 Qxb2
34. Nd5 Re8 35. Rxe6 Rxe6 36. Qxe6+ Kh8 37. Qc8+ Bg8 38. Ne7 Qa2 39. Ng6+ Kh7
40. Nf8+ Kh8 41. Ng6+ Kh7 42. Nf8+ Kh8 43. Ng6+ Kh7 44. Nf8+ 1/2-1/2

[Event "Donostia Chess Festival Group B"]
[Site "San Sebastian/Spain"]
[Date "2011.12.31"]
[Round "3"]
[White "Valdes, Leonardo"]
[Black "Alsina Leal, Daniel"]
[Result "*"]
[ECO "A07"]
[WhiteElo "2391"]
[BlackElo "2535"]
[Annotator "Robot 9"]
[PlyCount "133"]
[EventDate "2011.??.??"]
[TimeControl "7200+30"]

1. Nf3 d5 2. g3 Nf6 3. Bg2 c6 4. O-O Bg4 5. b3 Nbd7 6. Bb2 Bxf3 7. Bxf3 e5 8.
c4 d4 9. e3 dxe3 10. dxe3 Be7 11. Qc2 O-O 12. Nc3 Qc7 13. Rad1 Rfd8 14. Ne4 Nf8
15. Bg2 Ne6 16. Nxf6+ Bxf6 17. Bc3 Rxd1 18. Rxd1 Rd8 19. Rxd8+ Qxd8 20. b4 g6
21. a4 a6 22. a5 Qc7 23. h4 Bg7 24. Qb2 h5 25. b5 cxb5 26. cxb5 axb5 27. Bf1 e4
28. Bxg7 Nxg7 29. Qxb5 Nf5 30. Qe8+ Kg7 31. Qxe4 Qxa5 32. Qxb7 Qe1 33. Qe4 Qa1
34. Kg2 Qb2 35. Bd3 Qc3 36. Qd5 Nxe3+ 37. fxe3 Qd2+ 38. Kh3 Qxe3 39. Be4 Qc3
40. Kh2 Qb2+ 41. Bg2 Qc3 42. Qg5 Qd4 43. Qc1 Qe5 44. Qd2 Qa1 45. Bd5 Qe5 46.
Ba2 Qf6 47. Kg2 Qc6+ 48. Bd5 Qf6 49. Bf3 Qe5 50. Qf2 Qf6 51. Qd2 Qe5 52. Kf2
Qf6 53. Qd5 Qb2+ 54. Be2 Qf6+ 55. Kg2 Qb2 56. Qc4 Qe5 57. Kf2 Qf6+ 58. Kg2 Qb2
59. Kh3 Qe5 60. Qd3 Qa1 61. Qf3 Qd4 62. Qf1 Qe5 63. Bc4 Qc7 64. Kh2 Qa7 65. Bd5
Qe7 66. Qf3 Qc7 67. Bb3 *

[Event "Donostia Chess Festival Group B"]
[Site "San Sebastian/Spain"]
[Date "2011.12.31"]
[Round "3"]
[White "Gashimov, Sarkhan"]
[Black "Fedorchuk, Sergey A"]
[Result "*"]
[ECO "C14"]
[WhiteElo "2351"]
[BlackElo "2632"]
[Annotator "Robot 9"]
[PlyCount "125"]
[EventDate "2011.??.??"]
[TimeControl "7200+30"]

1. Nf3 Nf6 2. d4 e6 3. Nc3 d5 4. Bg5 Be7 5. Bxf6 Bxf6 6. e4 O-O 7. Qd2 a6 8.
O-O-O b5 9. Bd3 Bb7 10. Qf4 c5 11. e5 Be7 12. dxc5 Nd7 13. b4 a5 14. a3 axb4
15. axb4 Nxe5 16. Qxe5 Bf6 17. Qe1 Qb8 18. Kd2 e5 19. Ne2 e4 20. Nfd4 exd3 21.
Kxd3 Re8 22. Qd2 Bc8 23. Rhe1 Bg4 24. f3 Bd7 25. Nf4 Be5 26. g3 Qc8 27. Re3 g5
28. Nxd5 Qb7 29. c6 Bxc6 30. Rde1 Ra3+ 31. Nb3 Bxd5 32. Rxe5 Bc4+ 33. Kc3 Qxf3+
34. Kb2 Rxb3+ 35. cxb3 Qxb3+ 36. Kc1 Rxe5 37. Rxe5 f6 38. Re3 Qa4 39. Qd8+ Kg7
40. Qa5 Qa2 41. Qxa2 Bxa2 42. Kb2 Bc4 43. Kc3 Kg6 44. Kd4 h5 45. Ke4 Bf1 46.
Rc3 Bg2+ 47. Ke3 Bf1 48. Rc5 Kf7 49. Ke4 Kg6 50. Kd4 Kf7 51. Kd5 Bg2+ 52. Kd6
Bf1 53. h4 Kg6 54. Ke7 Bc4 55. Rc6 gxh4 56. gxh4 Kf5 57. Rc5+ Kg4 58. Kxf6 Kxh4
59. Kg6 Be2 60. Re5 Bd3+ 61. Kh6 Kg4 62. Rxh5 Kf4 63. Kg7 *

[Event "Donostia Chess Festival Group B"]
[Site "San Sebastian/Spain"]
[Date "2011.12.31"]
[Round "3"]
[White "Alsina Leal, Daniel"]
[Black "Valdes, Leonardo"]
[Result "0-1"]
[ECO "B07"]
[WhiteElo "2535"]
[BlackElo "2391"]
[Annotator "Robot 9"]
[PlyCount "162"]
[EventDate "2011.??.??"]
[TimeControl "7200+30"]

1. e4 d6 2. d4 Nf6 3. Nc3 e5 4. dxe5 dxe5 5. Qxd8+ Kxd8 6. Bg5 c6 7. O-O-O+ Ke8
8. f4 Nbd7 9. fxe5 Ng4 10. e6 fxe6 11. Nh3 Be7 12. Bd2 Nde5 13. Be2 Rf8 14.
Rdf1 Rxf1+ 15. Bxf1 b5 16. Be2 Bd7 17. Bf4 b4 18. Nd1 a5 19. Ne3 Nxe3 20. Bxe5
Bc5 21. g3 Ke7 22. Bxg7 e5 23. Nf2 Bd4 24. Nd3 Kd6 25. Bh6 Ng4 26. Bd2 Nf6 27.
Bf3 Be6 28. a3 bxa3 29. bxa3 Nd7 30. c3 Ba7 31. Bd1 Nc5 32. Nxc5 Bxc5 33. a4
Bc4 34. Bc2 Rf8 35. Bh6 Ba3+ 36. Kd1 Rf3 37. Re1 Ke6 38. Be3 Rf8 39. Rg1 Bb2
40. Bd2 Ba3 41. Be3 Bb2 42. Bd2 Rf3 43. Re1 Kd7 44. Re3 Rf1+ 45. Re1 Rf2 46. h4
Rg2 47. Re3 Ba3 48. Bd3 Bb3+ 49. Bc2 Be6 50. Bd3 Bc5 51. Re1 Bf2 52. Rh1 Bxg3
53. Kc1 Bf2 54. h5 Bb3 55. Bf1 Rg7 56. Bh3+ Kc7 57. h6 Rf7 58. Kb2 Bc4 59. Kc2
Kd6 60. Rb1 Rf3 61. Bf1 Bf7 62. Be2 Rh3 63. Bg4 Rh2 64. Kd3 Kc7 65. Bf5 Bh5 66.
Bxh7 Bc5 67. Bf5 Be2+ 68. Kc2 Bf3 69. h7 Be2 70. Re1 Ba6 71. Kd1 Bd3 72. Re3
Rh1+ 73. Re1 Rh2 74. c4 Kb7 75. Bg6 Ka6 76. Bf5 Kb7 77. Bg6 Ka6 78. Bc3 Bc2+
79. Kc1 Ba3+ 80. Bb2 Bxe4 81. Re2 Rxe2 0-1